 Dungeon Crawl Stone Soup version 0.19.1-1-g22dce08 (webtiles) character file.

96 godofchicken the Stinger (level 4, 0/21 HPs)
             Began as a Spriggan Venom Mage on Jan 5, 2017.
             Slain by a centaur zombie (8 damage)
             ... on level 4 of the Dungeon.
             The game lasted 00:11:42 (2613 turns).

godofchicken the Stinger (Spriggan Venom Mage)      Turns: 2613, Time: 00:11:42

Health: 0/21       AC:  2    Str:  4    XL:     4   Next: 41%
Magic:  11/11      EV: 19    Int: 17    God:
Gold:   141        SH:  0    Dex: 16    Spells: 2 memorised, 7 levels left

rFire  . . .     SeeInvis +     l - +0 dagger (drain)
rCold  . . .     Gourm    .     a - +0 robe
rNeg   . . .     Faith    .     (shield restricted)
rPois  .         Spirit   .     (helmet restricted)
rElec  .         Reflect  .     (no cloak)
rCorr  .         Harm     .     (gloves unavailable)
MR     .....                    (boots unavailable)
Stlth  +++.......               (no amulet)
                                (no ring)
                                (no ring)

@: very quick
A: unfitting armour, see invisible, herbivore 3, speed 3, slow metabolism 2
a: no special abilities


You were on level 4 of the Dungeon.
You were not hungry.

You visited 1 branch of the dungeon, and saw 4 of its levels.

You collected 141 gold pieces.

Inventory:

Hand Weapons
 e - a +0 short sword
 l - a +0 dagger of draining (weapon)
 m - a +0 hunting sling of freezing
Missiles
 n - 16 stones (quivered)
 q - 5 curare-tipped needles
Armour
 a - a +0 robe (worn)
 i - a +0 pair of gloves
Scrolls
 f - 4 scrolls of identify
 g - 2 scrolls of recharging
 p - a scroll of enchant armour {unknown}
 r - a scroll of fear {unknown}
 s - a scroll of teleportation {unknown}
 t - a scroll of remove curse {unknown}
 u - a scroll of amnesia {unknown}
Potions
 d - 3 potions of curing
 j - a potion of mutation {unknown}
 k - 2 potions of flight {unknown}
 v - a potion of heal wounds {unknown}
 w - a potion of degeneration {unknown}
Books
 b - a Young Poisoner's Handbook

   Spells                             Type                      Level
   a - Sting                          Conjuration/Poison           1
   b - Mephitic Cloud                 Conjuration/Poison/Air       3
   c - Olgreb's Toxic Radiance        Poison                       4
   d - Alistair's Intoxication        Transmutation/Poison         5
   e - Venom Bolt                     Conjuration/Poison           5
Comestibles
 c - 2 bread rations
 h - 2 royal jellies
 o - a slice of pizza


   Skills:
 + Level 0.2 Fighting
 * Level 1.5 Short Blades
 + Level 0.2 Slings
 + Level 3.4 Dodging
 + Level 3.6 Stealth
 * Level 4.0 Spellcasting
 + Level 0.1 Conjurations
 + Level 4.5 Poison Magic


You had 7 spell levels left.
You knew the following spells:

 Your Spells              Type           Power        Failure   Level  Hunger
a - Sting                 Conj/Pois      ##..         10%         1    None
b - Mephitic Cloud        Conj/Pois/Air  #.......     24%         3    ###....


Dungeon Overview and Level Annotations

Branches:
Dungeon (4/15)
 Temple: D:4-7

Altars:


Innate Abilities, Weirdness & Mutations

You are very small and have problems with some larger weapons.
You are too small for most types of armour.
You have supernaturally acute eyesight. (SInv)
You are a herbivore.
You cover ground extremely quickly.
You need consume almost no food.


Message History

The centaur zombie barely misses you.
Throwing (i - inventory):
n - 17 stones (quivered)
Press: ? - help, Shift-Dir - straight line, f/p - centaur zombie
Aim: a centaur zombie (lightly damaged)
You throw a stone. The stone hits the centaur zombie.
The centaur zombie is lightly damaged.
The centaur zombie hits you.
You hit the centaur zombie.
The centaur zombie is lightly damaged.
The centaur zombie misses you.
You hit the centaur zombie but do no damage.
The centaur zombie is lightly damaged.
The centaur zombie completely misses you.
You hit the centaur zombie.
The centaur zombie is moderately damaged.
The centaur zombie hits you! The centaur zombie closely misses you.
You hit the centaur zombie.
The centaur zombie is moderately damaged.
The centaur zombie hits you!
You die...

.....# ...... #####.#†####
#....# ...........# #...<#
####.##.##.# #..).
#.##.##.# #...#
####.#..##.# #...# #
.....#.###.# #...# ...
.###.#.###.######(..##.>...
.###............@Z(..((....
......................#....
.###.#.###.................
.##.......#######...##.##.#
.....#.##.# #...# ...
###..#.##.# #...# ### #..#
##. #...# ...# ...!. #...


You could see a centaur zombie.

Vanquished Creatures
  An iguana (D:3)
  2 oozes
  3 worms
  A dart slug (D:1)
  2 leopard geckos
  4 orcs (D:3)
  5 bats
  2 giant cockroaches
  5 goblins
  5 hobgoblins
  6 kobolds
  A quokka (D:3)
  A frilled lizard (D:1)
  8 rats
46 creatures vanquished.

Notes
Turn   | Place    | Note
-------+----------+-------------------------------------------
     0 | D:1      | godofchicken the Spriggan Venom Mage began the quest for the Orb.
     0 | D:1      | Reached XP level 1. HP: 9/9 MP: 5/5
   174 | D:1      | Reached XP level 2. HP: 13/13 MP: 1/7
   808 | D:2      | Reached XP level 3. HP: 13/16 MP: 0/8
   813 | D:2      | Learned a level 3 spell: Mephitic Cloud
  1905 | D:3      | Reached skill level 1 in Short Blades
  2072 | D:3      | Reached XP level 4. HP: 21/21 MP: 8/10
  2613 | D:4      | Slain by a centaur zombie

Skill      XL: |  1  2  3  4 |
---------------+-------------+-----
Spellcasting   | 3 4 |  4.0
Short Blades   | 1 |  1.5
Fighting       | |  0.2
Slings         | |  0.2
Dodging        | |  3.4
Stealth        | |  3.6
Conjurations   | |  0.1
Poison Magic   | |  4.5

Action                   |  1- 3 |  4- 6 || total
-------------------------+-------+-------++-------
Melee: Short sword       |    39 |       ||    39
       Dagger            |    14 |     9 ||    23
 Fire: Hunting sling     |     8 |       ||     8
Throw: Stone             |       |     9 ||     9
 Cast: Sting             |    67 |    13 ||    80
  Use: Scroll            |     3 |       ||     3
 Stab: Sleeping          |     4 |     3 ||     7
       Distracted        |     1 |       ||     1
Armor: Robe              |     3 |       ||     3
Dodge: Dodged            |    54 |     5 ||    59
